AoeStats
← hi_joel

Arabia

510455405Analyzed
1v1 RM · 14h ago on Oct 1, 2026· 54m 21s· 2 players
Game mode
Random Map
Map size
Tiny (2 player)
Population
200
Speed
Normal
Resources
Standard
Victory
Conquest
Starting age
Dark Age
Ending age
Imperial Age
RankedLock teamsTeams togetherTeam positionsShared explorationLock speedFull tech treeHidden civsTurbo modeCheats
Victory
Defeat
🇬🇹 Vietnamese · Guatemala
1141
+14
🇨🇦 Danes · Canada
1105
-14
Bloo🐟
5:37 Loom
9:29 Feudal Age
9:36 Man-at-Arms
13:26 Double-Bit Axe
20:41 Castle Age
21:00 Fletching
21:58 Bodkin Arrow
23:01 Long Swordsman
25:43 Elite Skirmisher
26:56 Padded Archer Armor
30:03 Wheelbarrow
33:50 Ballistics
37:29 Imperial Age
35:44 Thumb Ring
36:56 Leather Archer Armor
37:58 Onager
39:15 Conscription
41:59 Siege Engineers
42:03 Bracer
45:20 Ring Archer Armor
45:19 Bow Saw
47:06 Northmen's Fury
52:18 Elite Jomsviking
53:13 Forging
53:04 Scale Mail Armor
hi_joel
6:45 Loom
9:41 Feudal Age
16:17 Fletching
22:40 Castle Age
20:44 Double-Bit Axe
20:43 Horse Collar
21:55 Padded Archer Armor
22:17 Scale Mail Armor
23:12 Gold Mining
23:13 Stone Mining
24:18 Chain Mail Armor
24:14 Forging
24:02 Bodkin Arrow
26:34 Leather Archer Armor
26:32 Bow Saw
28:19 Heavy Plow
29:35 Iron Casting
31:01 Ballistics
32:23 Town Watch
33:07 Murder Holes
34:22 Wheelbarrow
33:57 Squires
33:43 Arson
37:34 Imperial Age
36:17 Scale Barding Armor
36:51 Hand Cart
37:11 Chatras
37:16 Husbandry
38:49 Bloodlines
39:14 Paper Money
38:58 Elite Skirmisher
40:28 Chain Barding Armor
42:48 Chemistry
42:00 Masonry
41:58 Imperial Skirmisher
42:44 Thumb Ring
43:29 Bracer
43:37 Light Cavalry
44:56 Plate Barding Armor
44:52 Ring Archer Armor
45:51 Two-Man Saw
45:13 Elite Battle Elephant
49:55 Elite Rattan Archer
Connection lost

Rejoining the realm…

Still unreachable

The connection could not be restored.

Session expired

The server has moved on; the page needs a fresh start.